 Dungeon Crawl Stone Soup version 0.27-a0-1442-g87b6fcb595 (webtiles) character file.

Game seed: 10182481863463408308

66 Snarg the Insei (level 4, 0/33 HPs)
             Began as a Djinni Transmuter on July 4, 2021.
             Was a Follower of the Shining One.
             Slain by Ijyb (6 damage)
             ... on level 2 of the Dungeon.
             The game lasted 00:06:22 (2401 turns).

Snarg the Insei (Djinni Transmuter)                 Turns: 2401, Time: 00:06:22

Health: 0/33       AC:  2    Str: 10    XL:     4   Next: 37%
Gold:   63         EV: 12    Int: 14    God:    the Shining One [*.....] SH:  5 Dex: 14

rFire    + + .     SeeInvis .     - Unarmed
rCold    x . .     Faith    .   (no shield)
rNeg     . . .     Spirit   .   a - +0 robe
rPois    ∞         Reflect  +   (helmet currently unavailable)
rElec    .         Harm     .   (no cloak)
rCorr    .         Rampage  .   (no gloves)
Will     .....                  (boots unavailable)
Stlth    +.........             i - amulet of reflection
HPRegen  0.11/turn              (no ring)
MPRegen  0.00/turn              (no ring)

@: appendages, flying, glowing
A: horns 2, flying, sickness immunity, fire resistance 2, cold vulnerability 1,
float, innate caster, hp casting, extra vitality 1
a: End Transformation, Renounce Religion


You were on level 2 of the Dungeon.
You worshipped the Shining One.
The Shining One was aware of your devotion.
You had temporarily grown beastly horns.
You visited 1 branch of the dungeon, and saw 2 of its levels.

You collected 63 gold pieces.

Inventory:

Hand Weapons
 b - a +2 vorpal spear
 c - a +0 dagger of venom
Missiles
 f - 13 poisoned darts
 g - 48 stones
Armour
 a - a +0 robe (worn)
 k - a +0 helmet (melded)
Jewellery
 d - an amulet of faith
 i - an amulet of reflection (around neck)
Scrolls
 e - 3 scrolls of identify {unknown}
 h - a scroll of teleportation {unknown}
Potions
 j - a potion of heal wounds {unknown}
 l - a potion of degeneration {unknown}


   Skills:
 * Level 1.7 Fighting
 + Level 2.5 Dodging
 + Level 0.4 Stealth
 + Level 0.1 Shields
 + Level 3.8 Unarmed Combat
 * Level 2.1 Spellcasting


You couldn't memorise any spells.
You knew the following spells:

 Your Spells              Type           Power      Damage    Failure   Level
a - Beastly Appendage     Tmut           14%        N/A       10%         1
b - Wereblood             Tmut           7%         N/A       16%         2
c - Spider Form           Tmut/Pois      3%         N/A       30%         3
d - Ice Form              Ice/Tmut       7%         N/A       69%         4
e - Apportation           Tloc           14%        N/A       10%         1
Your spell library was empty.

Dungeon Overview and Level Annotations

Branches:
Dungeon (2/15)

Altars:
The Shining One

Shops:
D:2 :

Annotations:
D:1 clr
D:2 Ijyb


Innate Abilities, Weirdness & Mutations

You have temporarily grown beastly horns.
You are flying.
You are immune to sickness and miasma.
You are immune to poison.
Your flesh is very heat resistant. (rF++)
You are vulnerable to cold. (rC-)
You float through the air rather than walking.
You learn spells naturally, not from books.
Your magical power is your life essence.
You have superior vitality. (+4 HP)


Message History

You hit Ijyb.
Ijyb is almost dead.
You block the goblin's attack.
You hit Ijyb but do no damage.
Ijyb is almost dead.
Ijyb hits you with a +0 club. The goblin hits you with a +0 club.
The goblin misses you.
Items here: )) ††.
Things that are here:
a +0 club; a goblin corpse You are too injured to fight recklessly!
Casting: Beastly Appendage (safe; 10% risk of failure)
Confirm with . or Enter, or press ? or * to list all spells.
You don't know that spell.
Unknown command.
Unknown command.
Casting: Beastly Appendage (safe; 10% risk of failure)
Confirm with . or Enter, or press ? or * to list all spells.
You grow a pair of large bovine horns.
Your +0 helmet melds into your body.
Ijyb misses you.
You are too injured to fight recklessly!
You are too injured to fight recklessly!
You hit Ijyb.
Ijyb is almost dead.
Ijyb hits you with a +0 club.
You hit Ijyb but do no damage.
Ijyb is almost dead.
Ijyb hits you with a +0 club.
* * * LOW HITPOINT WARNING * * *
You hit Ijyb but do no damage.
Ijyb is almost dead.
Ijyb hits you with a +0 club.
* * * LOW HITPOINT WARNING * * *
You hit Ijyb but do no damage.
Ijyb is almost dead.
You block Ijyb's attack.
You barely miss Ijyb.
Ijyb is almost dead.
Ijyb hits you with a +0 club.
You die...

# #####...###...##
#.#.............##
#.#.####.#########
#.g.J...#......#..........
#8g....8###.###..(......##
#......g#...............#
#8..g.g8#.#.###.........#
#......g#.#.# #....>....#
#8.....8#@#.# ###########
#.......#g#.#
#.......#g#.#
#.......)l#..
######.##.### #. #.# #!
### .) #.


You could see Ijyb, a goblin and a frilled lizard.

Vanquished Creatures
  A gnoll (D:2)
  8 ball pythons
  7 endoplasms
  2 giant cockroaches
  12 goblins
  4 hobgoblins
  3 kobolds
  4 frilled lizards
  9 rats
50 creatures vanquished.

Vanquished Creatures (others)
  2 plants (D:1)
2 creatures vanquished.

Grand Total: 52 creatures vanquished

Notes
Turn   | Place    | Note
-------+----------+-------------------------------------------
     0 | D:1      | Snarg the Djinni Transmuter began the quest for the Orb.
     0 | D:1      | Reached XP level 1. HP: 17/17 MP: 0/0
   206 | D:1      | Reached XP level 2. HP: 18/22 MP: 0/0
   648 | D:1      | Found a faded altar of an unknown god.
   656 | D:1      | Became a worshipper of the Shining One
   656 | D:1      | Reached * piety under the Shining One
  1236 | D:1      | Reached XP level 3. HP: 26/27 MP: 0/0
  1236 | D:1      | Learned a level 1 spell: Apportation
  1815 | D:2      | Found Pusoofom's Book Shoppe.
  2240 | D:2      | Reached XP level 4. HP: 32/32 MP: 0/0
  2360 | D:2      | Noticed Ijyb
  2401 | D:2      | Slain by Ijyb

Illustrated notes

Levels and vault maps discovered:
D:1:      lemuel_arrival_muddy, layout_basic, ebering_ecumenical_altar_hall,
          chequers_arboretum, serial_bayou_pond_d
D:2:      kennysheep_the_goblin_king, layout_basic, serial_shops, shop,
          minivault_11, nrook_mini_vaults, minmay_tall_x

Skill      XL: |  1  2  3  4 |
---------------+-------------+-----
Spellcasting   | 2 |  2.1
Fighting       | |  1.7
Dodging        | |  2.5
Stealth        | |  0.4
Shields        | |  0.1
Unarmed Combat | |  3.8

Action                   |  1- 3 |  4- 6 || total
-------------------------+-------+-------++-------
Melee: Unarmed           |   104 |    32 ||   136
       Headbutt          |     9 |     4 ||    13
       Punch             |     1 |       ||     1
 Cast: Beastly Appendage |    23 |     3 ||    26
       Wereblood         |     2 |     1 ||     3
Armor: Robe              |    12 |     4 ||    16
Dodge: Dodged            |    34 |    10 ||    44
Block: Other             |     6 |     4 ||    10

Table legend: (Time is in decaauts)
 A = Elapsed time spent in this place.
 B = Non-inter-level travel time spent in this place.
 C = Inter-level travel time spent in this place.
 D = Time resting spent in this place.
 E = Time spent auto-exploring this place.
 F = Levels seen in this place.
 G = Mean time per level.
                   A        B        C        D        E       F      G
               +--------+--------+--------+--------+--------+-----+--------+
         Total |   2391 |   2339 |     52 |    377 |   1552 |   2 | 1195.5 |
       Dungeon |   2391 |   2339 |     52 |    377 |   1552 |   2 | 1195.5 |
               +--------+--------+--------+--------+--------+-----+--------+

Top non-repeatable levels by time:
     D:1: 1808 daAuts
     D:2: 583 daAuts
